 Dungeon Crawl Stone Soup version 0.30-a0-374-g95c0257040 (webtiles) character file.

Game seed: 11146223324232327598

125 oldriver the Magician (level 4, -1/35 HPs)
             Began as a Mummy Necromancer on Nov 25, 2022.
             Slain by a black bear (2 damage)
             ... on level 3 of the Dungeon.
             The game lasted 00:01:45 (2801 turns).

oldriver the Magician (Mummy Necromancer)           Turns: 2801, Time: 00:01:46

Health: -1/35      AC:  4    Str: 11    XL:     4   Next: 82%
Magic:  3/10       EV: 12    Int: 16    God:
Gold:   118        SH:  0    Dex: 12    Spells: 11/12 levels left

rFire   x . .      SeeInvis .    b - +1 hand axe (drain)
rCold   + . .      Faith    +    (no shield)
rNeg    + + +      Spirit   .    a - +0 robe
rPois   ∞          Reflect  .    e - +0 helmet
rElec   .          Harm     .    h - +0 cloak
rCorr   .          Rampage  .    (no gloves)
Will    .....                    (no boots)
Stlth   ++........               (no amulet)
HPRegen 0.25/turn                (no ring)
MPRegen 0.12/turn                (no ring)

@: no status effects
A: cold resistance 1, negative energy resistance 3, torment resistance 2, heat
vulnerability 1, in touch with death 1, no potions, faith
a: no special abilities


You were on level 3 of the Dungeon.
You visited 1 branch of the dungeon, and saw 3 of its levels.

You collected 118 gold pieces.

Inventory:

Hand Weapons
 b - a +1 hand axe of draining (weapon)
Armour
 a - a +0 robe (worn)
 e - a +0 helmet (worn)
 h - a +0 cloak (worn)
Scrolls
 c - a scroll of teleportation {unknown}
 d - a scroll of enchant weapon {unknown}
 f - 2 scrolls of identify {unknown}


   Skills:
 + Level 3.1 Fighting
 - Level 1.5 Dodging
 - Level 1.5 Stealth
 + Level 4.8 Spellcasting
 - Level 4.0 Necromancy


You had 11 spell levels left.
You knew the following spells:

 Your Spells              Type           Power      Damage    Failure   Level
a - Necrotise             Necr           100%       1d9       3%          1

Your spell library contained the following spells:

 Spells                   Type           Power      Damage    Failure   Level
 Vampiric Draining        Necr           25%        2d7       9%          3
 Animate Dead             Necr           25%        N/A       30%         4
 Agony                    Necr           25%        N/A       63%         5


Dungeon Overview and Level Annotations

Branches:
Dungeon (3/15)

Altars:


Innate Abilities, Weirdness & Mutations

You are immune to poison.
Your flesh is cold resistant. (rC+)
You are immune to negative energy. (rN+++)
You are immune to unholy pain and torment.
You are vulnerable to heat. (rF-)
You are in touch with the powers of death.
You do not drink.
You have a special connection with the divine. (Faith)


Message History

A black bear is nearby!
A black bear is nearby!
A black bear is nearby!
A black bear is nearby!
You can't see any susceptible monsters within range! (Use Z to cast anyway.)
You can't see any susceptible monsters within range! (Use Z to cast anyway.)
The black bear growls angrily.
You hear a shout!
A ball python comes into view.
You feel a surge of power!
The black bear writhes in agony!
The kobold shouts!
The ball python hisses angrily.
You feel a surge of power!
The black bear writhes in agony.
You feel a surge of power!
The kobold writhes in agony.
You kill the kobold!
The dead are walking!
You feel a surge of power!
The black bear barely resists.
You feel a surge of power!
The black bear barely resists.
Your kobold skeleton barely misses the ball python.
You feel a surge of power!
The black bear writhes in agony!
You feel a surge of power!
The black bear writhes in agony.
The black bear goes berserk!
You feel a surge of power!
The black bear writhes in agony.
The black bear bites you! The black bear claws you.
The black bear closely misses you. The black bear bites you!
* * * LOW HITPOINT WARNING * * *
The black bear claws you.
* * * LOW HITPOINT WARNING * * *
The black bear claws you.
* * * LOW HITPOINT WARNING * * *
Your kobold skeleton closely misses the ball python.
Casting: Necrotise (safe; 3% risk of failure)
Confirm with . or Enter, or press ? or * to list all spells.
You don't know that spell.
You barely miss the black bear.
The black bear is almost dead.
The black bear barely misses you. The black bear claws you.
* * * LOW HITPOINT WARNING * * *
The black bear claws you.
* * * LOW HITPOINT WARNING * * *
The black bear bites you.
You die...

#..........S....
#......#K.....
#...#..#...##.
#...#.........
#...##)#
#...##Z#
###...##S#
#.....##h#
#.....##@#
#....###.#
#....###.#
#........#
#....#####
#....#####
#..........
#.##.###### ##
#......... ...


You could see a black bear (berserk, ally target), a ball python and a friendly
kobold skeleton.

Vanquished Creatures
  Crazy Yiuf (D:2)
  3 gnolls (D:3)
  3 adders
  2 worms (D:2)
  2 dart slugs
  2 ball pythons
  2 endoplasms (D:2)
  4 giant cockroaches (D:2)
  2 goblins
  A hobgoblin (D:1)
  2 jackals (D:2)
  2 kobolds
  A quokka (D:1)
  5 bats
  A frilled lizard (D:2)
  3 rats
36 creatures vanquished.

Notes
Turn   | Place    | Note
-------+----------+-------------------------------------------
     0 | D:1      | oldriver the Mummy Necromancer began the quest for the Orb.
     0 | D:1      | Reached XP level 1. HP: 13/13 MP: 4/4
   444 | D:1      | Reached skill level 1 in Fighting
   727 | D:1      | Reached XP level 2. HP: 21/21 MP: 4/6
  1644 | D:2      | Gained mutation: You are in touch with the powers of death.
                  | [Mummy growth]
  1644 | D:2      | Reached XP level 3. HP: 27/27 MP: 1/8
  1955 | D:2      | Found a runed translucent door.
  1956 | D:2      | Noticed Crazy Yiuf
  2160 | D:2      | Killed Crazy Yiuf
  2161 | D:2      | Reached XP level 4. HP: 12/34 MP: 3/10
  2761 | D:3      | Noticed a black bear
  2801 | D:3      | HP: 1/35 [black bear (1)]
  2801 | D:3      | Slain by a black bear

Illustrated notes

Levels and vault maps discovered:
D:1:      amcnicky_arrival_abandoned_market, layout_loops_corners
D:2:      layout_loops_cross, chequers_serial_rivers_large_a,
          minmay_tree_intersection, minmay_tall_x, uniq_crazy_yiuf_cottage
D:3:      layout_basic, nemelex_altar_shiori

Skill      XL: |  1  2  3  4 |
---------------+-------------+-----
Spellcasting   | 3 4 |  4.8
Fighting       | 1 2 3 |  3.1
Dodging        | |  1.5
Stealth        | |  1.5
Necromancy     | |  4.0

Action                   |  1- 3 |  4- 6 || total
-------------------------+-------+-------++-------
Melee: Hand axe          |    24 |    10 ||    34
 Cast: Necrotise         |    58 |    23 ||    81
Armor: Robe              |     8 |     2 ||    10
Dodge: Dodged            |    24 |    12 ||    36

Table legend: (Time is in decaauts)
 A = Elapsed time spent in this place.
 B = Non-inter-level travel time spent in this place.
 C = Inter-level travel time spent in this place.
 D = Time resting spent in this place.
 E = Time spent auto-exploring this place.
 F = Levels seen in this place.
 G = Mean time per level.
                   A        B        C        D        E       F      G
               +--------+--------+--------+--------+--------+-----+--------+
         Total |   2821 |   2601 |    220 |      0 |   2334 |   3 |  940.3 |
       Dungeon |   2821 |   2601 |    220 |      0 |   2334 |   3 |  940.3 |
               +--------+--------+--------+--------+--------+-----+--------+

Top non-repeatable levels by time:
     D:1: 1176 daAuts
     D:2: 1131 daAuts
     D:3: 513 daAuts
